Match 25229629
Unlisted

Match 25229629
End
Royal Engineer Section
Selects Australian Defense Battlegroup
Selects Australian Light Infantry Section
Australian Light Infantry Section
Construct Section Command Post
Dingo Light Scout Car
Australian Light Infantry Section
Construct Platoon Command Post
Selects 2-pounder Anti-tank Gun Team
Infantry Training
2-pounder Anti-tank Gun Team
Unlock M3 Stuart Light Tanks
Selects Vehicle Over Repair
M3 Stuart Light Tank
6-pounder Anti-tank Gun Team
ML 3-inch Mortar Team
Construct Field Infirmary
6-pounder Anti-tank Gun Team
MonoChrome
Tok3n x Operator
Kpen
BusinessPenguin
0
0

Comments sign in to comment!

No comments posted yet!